 Dungeon Crawl Stone Soup version 0.30-a0-377-g5cb311bc9f (webtiles) character file.

Game seed: 9008727984368537935

178 qeuew the Digger (level 5, -1/28 HPs)
             Began as a Gargoyle Earth Elementalist on Nov 30, 2022.
             Slain by Terence
             ... wielding a +0 flail
              (8 damage)
             ... on level 3 of the Dungeon.
             The game lasted 00:03:08 (2744 turns).

qeuew the Digger (Gargoyle Earth Elementalist)      Turns: 2744, Time: 00:03:09

Health: -1/28      AC:  7    Str: 14    XL:     5   Next: 58%
Magic:  5/9        EV: 11    Int: 15    God:
Gold:   147        SH:  0    Dex: 10    Spells: 5/9 levels left

rFire   . . .      SeeInvis .    d - +1 mace (vorpal)
rCold   . . .      Faith    .    (no shield)
rNeg    + . .      Spirit   .    j - +0 leather armour
rPois   ∞          Reflect  .    (no helmet)
rElec   +          Harm     .    (no cloak)
rCorr   .          Rampage  .    (no gloves)
Will    .....                    (no boots)
Stlth   ++........               (no amulet)
HPRegen 0.24/turn                (no ring)
MPRegen 0.11/turn                (no ring)

@: no status effects
A: sickness immunity, AC +4, negative energy resistance 1, electricity
resistance, torment resistance 1, petrification resistance
a: no special abilities


You were on level 3 of the Dungeon.
You visited 1 branch of the dungeon, and saw 3 of its levels.

You collected 147 gold pieces.

Inventory:

Hand Weapons
 d - a +1 vorpal mace (weapon)
Armour
 j - a +0 leather armour (worn)
Scrolls
 c - a scroll of blinking {unknown}
 i - 4 scrolls of identify
Potions
 a - a potion of attraction {unknown}
 b - a potion of magic
 e - a potion of might


   Skills:
 + Level 1.8 Maces & Flails
 + Level 2.0 Armour
 + Level 2.3 Dodging
 - Level 2.1 Stealth
 + Level 2.7 Spellcasting
 + Level 1.7 Transmutations
 + Level 4.4 Earth Magic


You had 5 spell levels left.
You knew the following spells:

 Your Spells              Type           Power      Damage    Failure   Level
a - Sandblast             Erth           30%        2d9       4%          1
b - Stone Arrow           Conj/Erth      16%        3d8       30%         3

Your spell library contained the following spells:

 Spells                   Type           Power      Damage    Failure   Level
 Passwall                 Tmut/Erth      9%         N/A       11%         2
 Wereblood                Tmut           7%         N/A       19%         2
 Petrify                  Tmut/Erth      11%        N/A       56%         4
 Summon Hydra             Summ           1%         N/A       100%        7
 Sublimation of Blood     Necr           Unusable   N/A       N/A         2

Dungeon Overview and Level Annotations

Branches:
Dungeon (3/15)

Altars:
Okawaru

Annotations:
D:3 Terence


Innate Abilities, Weirdness & Mutations

You are immune to sickness and miasma.
Your stone body is resilient. (AC +4)
You are immune to poison.
You resist negative energy. (rN+)
You are resistant to electric shocks. (rElec)
You are resistant to unholy torment.
You are immune to petrification.


Message History

The blast of sand hits Terence but does no damage.
Terence is heavily wounded.
The quokka closely misses you. Terence barely misses you.
The quokka barely misses you.
There are monsters nearby!
You hit Terence.
Terence is severely wounded.
Terence hits you with a +0 flail. The quokka closely misses you.
Terence hits you but does no damage.
The blast of sand hits Terence but does no damage.
Terence is severely wounded.
The quokka completely misses you. Terence hits you with a +0 flail.
The quokka bites you.
There are monsters nearby!
You are too injured to fight recklessly!
You are too injured to fight recklessly!
There are monsters nearby!
You are too injured to fight recklessly!
You are too injured to fight recklessly!
You are too injured to fight recklessly!
There are monsters nearby!
You are too injured to fight recklessly!
There are monsters nearby!
You are too injured to fight recklessly!
You are too injured to fight recklessly!
There are monsters nearby!
You are too injured to fight recklessly!
You hit Terence but do no damage.
Terence is severely wounded.
The quokka bites you. Terence hits you but does no damage.
The quokka barely misses you. Terence barely misses you.
You hit Terence but do no damage.
Terence is severely wounded.
The quokka barely misses you. Terence hits you but does no damage.
You hit Terence but do no damage.
Terence is severely wounded.
The quokka bites you.
* * * LOW HITPOINT WARNING * * *
Terence hits you with a +0 flail!
You die...

#...##.##[..####
###..#[#..###......
##.###.## >.....$ #
#..#..# #...!.# # #
##.#.## #.....###.## #
#.#.# #.....(..... ###
#...# #........... ..#
##.## #...r...... #.##
#.# #####..@@......
#..###.#
#...##.########
....##(###...#........#
.....#.##.............#
........'....##.......#
#########....##.......#
#...###..!....# #...#
#.......# #...#
#.......#


You could see Terence and a quokka.

Vanquished Creatures
  A hound (D:2)
  An orc priest (D:3)
  Jessica (D:3)
  Robin (D:2)
  An adder (D:3)
  A white imp (D:3)
  A worm (D:3)
  3 orcs (D:3)
  4 endoplasms
  2 giant cockroaches
  6 hobgoblins
  5 jackals
  5 ball pythons
  2 bats
  3 frilled lizards
  12 goblins
  4 kobolds
  10 rats
63 creatures vanquished.

Vanquished Creatures (others)
  A plant (D:2)
1 creature vanquished.

Grand Total: 64 creatures vanquished

Notes
Turn   | Place    | Note
-------+----------+-------------------------------------------
     0 | D:1      | qeuew the Gargoyle Earth Elementalist began the quest for
                  | the Orb.
     0 | D:1      | Reached XP level 1. HP: 10/10 MP: 3/3
   339 | D:1      | Reached XP level 2. HP: 15/15 MP: 3/5
   373 | D:1      | Reached skill level 1 in Transmutations
   969 | D:2      | Reached skill level 1 in Armour
   969 | D:2      | Reached skill level 4 in Earth Magic
   969 | D:2      | Reached XP level 3. HP: 12/19 MP: 6/6
  1080 | D:2      | Noticed Robin
  1083 | D:2      | Reached skill level 1 in Maces & Flails
  1086 | D:2      | Reached XP level 4. HP: 22/24 MP: 3/7
  1190 | D:2      | Killed Robin
  1806 | D:2      | Found an iron altar of Okawaru.
  2199 | D:2      | Learned a level 3 spell: Stone Arrow
  2249 | D:3      | Reached XP level 5. HP: 20/28 MP: 3/8
  2358 | D:3      | Noticed Jessica
  2369 | D:3      | Killed Jessica
  2729 | D:3      | Noticed Terence
  2744 | D:3      | Slain by Terence

Illustrated notes

Levels and vault maps discovered:
D:1:      lemuel_arrival_behind_the_door_large, layout_basic
D:2:      layout_loops_corners, serial_forest, infiniplex_forest_end_2,
          infiniplex_forest_clump_curved, infiniplex_forest_lined_room_2,
          infiniplex_forest_clump_curved, infiniplex_forest_zigzag_1,
          infiniplex_forest_end_3, infiniplex_forest_clump_double, basic_altar,
          uniq_robin
D:3:      minmay_general_purpose_star, layout_basic, lemuel_doored_altar,
          interstate_on_off, uniq_terence, uniq_jessica

Skill      XL: |  1  2  3  4  5 |
---------------+----------------+-----
Transmutations | 1 |  1.7
Armour         | 1 2 |  2.0
Earth Magic    | 4 |  4.4
Dodging        | 2 |  2.3
Maces & Flails | 1 |  1.8
Stealth        | |  2.1
Spellcasting   | |  2.7

Action                   |  1- 3 |  4- 6 || total
-------------------------+-------+-------++-------
Melee: Unarmed           |     1 |       ||     1
       Mace              |    14 |    31 ||    45
 Cast: Sandblast         |    31 |    51 ||    82
  Use: Scroll            |     2 |       ||     2
       Potion            |       |     2 ||     2
 Stab: Sleeping          |     1 |       ||     1
Armor: Robe              |    10 |    12 ||    22
       Leather armour    |       |    16 ||    16
Dodge: Dodged            |    18 |    52 ||    70

Table legend: (Time is in decaauts)
 A = Elapsed time spent in this place.
 B = Non-inter-level travel time spent in this place.
 C = Inter-level travel time spent in this place.
 D = Time resting spent in this place.
 E = Time spent auto-exploring this place.
 F = Levels seen in this place.
 G = Mean time per level.
                   A        B        C        D        E       F      G
               +--------+--------+--------+--------+--------+-----+--------+
         Total |   2800 |   2708 |     92 |     80 |   2258 |   3 |  933.3 |
       Dungeon |   2800 |   2708 |     92 |     80 |   2258 |   3 |  933.3 |
               +--------+--------+--------+--------+--------+-----+--------+

Top non-repeatable levels by time:
     D:2: 1199 daAuts
     D:1: 1064 daAuts
     D:3: 537 daAuts
